 Dungeon Crawl Stone Soup version 0.28.0-43-g3370ac3207 (webtiles) character file.

Game seed: 11177202617420462431

284 terff the Skirmisher (level 6, -2/56 HPs)
             Began as a Hill Orc Fighter on Apr 1, 2022.
             Slain by a phantom (7 damage)
             ... on level 4 of the Dungeon.
             The game lasted 00:04:33 (3322 turns).

terff the Skirmisher (Hill Orc Fighter)             Turns: 3322, Time: 00:04:33

Health: -2/56      AC:  7    Str: 19    XL:     6   Next: 29%
Magic:  6/6        EV:  9    Int:  8    God:
Gold:   178        SH:  6    Dex: 12    Spells: 5/5 levels left

rFire   . . .      SeeInvis .   a - +0 war axe
rCold   . . .      Faith    .   c - +1 buckler
rNeg    . . .      Spirit   .   b - +0 scale mail
rPois   .          Reflect  .   (no helmet)
rElec   .          Harm     .   (no cloak)
rCorr   .          Rampage  .   (no gloves)
Will    .....                   (no boots)
Stlth   ..........              (no amulet)
HPRegen 0.18/turn               l - ring of wizardry
MPRegen 0.10/turn               (no ring)

@: no status effects
A: no striking features
a: no special abilities


You were on level 4 of the Dungeon.
You visited 1 branch of the dungeon, and saw 4 of its levels.

You collected 178 gold pieces.

Inventory:

Hand Weapons
 a - a +0 war axe (weapon)
Armour
 b - a +0 scale mail (worn)
 c - a +1 buckler (worn)
Jewellery
 g - a ring of ice
 l - a ring of wizardry (left hand)
Wands
 f - a wand of flame (7)
 k - a wand of digging (7)
Scrolls
 e - a scroll of identify
 j - a scroll of enchant armour
 m - a scroll of enchant weapon {unknown}
Potions
 d - a potion of might
 h - a potion of haste
 i - a potion of curing


   Skills:
 + Level 5.4 Fighting
 + Level 5.1 Axes
 + Level 4.3 Armour
 + Level 1.0 Dodging
 + Level 0.1 Stealth
 + Level 4.2 Shields


You had 5 spell levels left.
You didn't know any spells.
Your spell library contained the following spells:

 Spells                   Type           Power      Damage    Failure   Level
 Animate Skeleton         Necr           0%         N/A       52%         1
 Magic Dart               Conj           0%         1d3       52%         1
 Pain                     Necr           0%         1d4       52%         1
 Scorch                   Fire           0%         2d5       65%         2
 Searing Ray              Conj           0%         2d4       65%         2
 Vampiric Draining        Necr           0%         2d6       86%         3
 Flame Wave               Conj/Fire      0%         2d4       99%         4
 Fulminant Prism          Conj/Hex       0%         3d6       99%         4
 Summon Cactus Giant      Summ           0%         N/A       100%        6


Dungeon Overview and Level Annotations

Branches:
Dungeon (4/15)
 Temple: D:4-7

Altars:

Annotations:
D:3 2 transporters, Bearnado's ghost, amateur MiBe


Message History

You miss the phantom.
The phantom is lightly damaged.
The phantom hits you but does no damage.
You barely miss the phantom.
The phantom is lightly damaged.
The phantom misses you. The phantom barely misses you.
You miss the phantom.
The phantom is lightly damaged.
The phantom hits you!
The phantom blinks!
You blink.
There is an open door here.
You hit the phantom.
The phantom is moderately damaged.
The phantom hits you.
You hit the phantom but do no damage.
The phantom is moderately damaged.
The phantom closely misses you.
You barely miss the phantom.
The phantom is moderately damaged.
The phantom hits you.
* * * LOW HITPOINT WARNING * * *
The phantom blinks!
You blink.
The phantom barely misses you. The phantom hits you.
* * * LOW HITPOINT WARNING * * *
The phantom blinks!
You blink.
You slash the phantom!
The phantom is heavily damaged.
The phantom hits you but does no damage.
You barely miss the phantom.
The phantom is heavily damaged.
The phantom hits you.
* * * LOW HITPOINT WARNING * * *
You closely miss the phantom.
The phantom is heavily damaged.
The phantom barely misses you.
You hit the phantom but do no damage.
The phantom is heavily damaged.
The phantom hits you.
* * * LOW HITPOINT WARNING * * *
The phantom blinks!
You blink.
The phantom hits you!
You die...

##.....##..............
##...)...##.......##....
##...≈.≈...##..........##
##..§≈§.≈§..§##.........##
##.§.≈≈...≈≈..§##..........
##...§≈.....≈§...##.........
#...≈≈...$.)§§≈...##........
#..≈§≈[......≈§≈..'.........
#...≈≈.....@.≈≈...#..)......
##?..≈§...W.§≈...##.........
##...§§§§.≈≈...##....#....#
##...§§.≈≈..!##..###....##
##...§.≈...##....##......
##.......##..#######..#.
##.....##...##...#..###
##...####...........##
########...........##


You could see a phantom.

Vanquished Creatures
  2 hounds (D:4)
  Ijyb (D:2)
  Natasha (thrice) (D:2)
  A killer bee zombie (D:3)
  3 adders
  6 orcs
  2 ball pythons
  An endoplasm (D:1)
  8 giant cockroaches
  12 goblins
  10 hobgoblins
  2 jackals (D:1)
  A quokka (D:4)
  3 bats (D:2)
  3 frilled lizards (D:2)
  8 kobolds
  4 rats
70 creatures vanquished.

Vanquished Creatures (collateral kills)
  A ball python (D:2)
1 creature vanquished.

Vanquished Creatures (others)
  4 plants (D:3)
4 creatures vanquished.

Grand Total: 75 creatures vanquished

Notes
Turn   | Place    | Note
-------+----------+-------------------------------------------
     0 | D:1      | terff the Hill Orc Fighter began the quest for the Orb.
     0 | D:1      | Reached XP level 1. HP: 19/19 MP: 1/1
   228 | D:1      | Reached XP level 2. HP: 27/27 MP: 2/2
   988 | D:2      | Reached XP level 3. HP: 30/33 MP: 3/3
  1108 | D:2      | You fall into a shaft and drop 1 floor!
  1583 | D:2      | Found a faded altar of an unknown god.
  1585 | D:2      | Noticed Natasha
  1591 | D:2      | Killed Natasha
  1592 | D:2      | Reached XP level 4. HP: 28/40 MP: 4/4
  1626 | D:2      | Noticed Natasha
  1632 | D:2      | Killed Natasha
  1942 | D:2      | Noticed Ijyb
  1951 | D:2      | Reached XP level 5. HP: 37/47 MP: 5/5
  1953 | D:2      | Killed Ijyb
  2250 | D:2      | Noticed Natasha
  2261 | D:2      | Killed Natasha
  2704 | D:3      | Identified the +7 spear "Hifo" {chaos, rElec rC+ Str+3}
  2704 | D:3      | Identified the +0 kite shield "Mon Kifryg" {Str+4}
  2714 | D:3      | Reached skill level 5 in Axes
  2920 | D:3      | Reached skill level 5 in Fighting
  2989 | D:3      | Found a transporter.
  2989 | D:3      | Found a transporter.
  2999 | D:3      | Noticed Bearnado's ghost (amateur MiBe)
  3113 | D:4      | Reached XP level 6. HP: 47/56 MP: 6/6
  3203 | D:4      | Reached skill level 1 in Dodging
  3322 | D:4      | Slain by a phantom

Illustrated notes

Levels and vault maps discovered:
D:1:      eino_arrival_cavern_e, layout_loops_corners
D:2:      kennysheep_the_goblin_king, layout_basic,
          shapermc_ecumenical_altar_mp_highgroup, guppyfry_early_orc_mine,
          uniq_natasha
D:3:      layout_rooms, gammafunk_ghost_gnarly_gnolls, minmay_crystal_water
D:4:      layout_cave_pools, kennysheep_diamond, eino_tiny_chamber,
          hangedman_decor_slide_cut, minivault_25

Skill      XL: |  1  2  3  4  5  6 |
---------------+-------------------+-----
Axes           | 3 4 5 |  5.1
Fighting       | 4 5 |  5.4
Armour         | 4 |  4.3
Shields        | 4 |  4.2
Dodging        | 1 |  1.0
Stealth        | |  0.1

Action                   |  1- 3 |  4- 6 || total
-------------------------+-------+-------++-------
Melee: War axe           |   123 |    97 ||   220
  Use: Scroll            |     3 |     3 ||     6
Armor: Scale mail        |    49 |    44 ||    93
Dodge: Dodged            |    65 |    47 ||   112
Block: Buckler           |    32 |    30 ||    62
